 Dungeon Crawl Stone Soup version 0.25-a0-420-g1cc7eeb0d1 (webtiles) character file.

Game seed: 14345877169124920453, levelgen mode: deterministic

128 DerDa the Firebug (level 5, -1/31 HPs)
             Began as an Octopode Fire Elementalist on Jan 18, 2020.
             Was an Initiate of Sif Muna.
             Hit by a boomerang of dispersal thrown by an orc (3 damage)
             ... on level 3 of the Dungeon.
             The game lasted 00:07:22 (2544 turns).

DerDa the Firebug (Octopode Fire Elementalist)      Turns: 2544, Time: 00:07:23

Health: -1/31      AC:  1    Str:  7    XL:     5   Next: 11%
Magic:  1/10       EV: 10    Int: 18    God:    Sif Muna [......]
Gold:   153        SH:  0    Dex: 13    Spells: 3/11 levels left

rFire    . . .     SeeInvis .   k - +1 short sword (drain)
rCold    . . .     Gourm    .   (no shield)
rNeg     . . .     Faith    .   (helmet restricted)
rPois    .         Spirit   .   (no amulet)
rElec    .         Reflect  .   f - ring of wizardry
rCorr    .         Harm     .   (no ring)
MR       .....                  m - -3 ring of evasion (curse)
Stlth    +++.......             (no ring)
HPRegen  0.10/turn              (no ring)
MPRegen  0.12/turn              (no ring)
                                (no ring)
                                (no ring)

@: very slightly contaminated
A: almost no armour, stealthy swim, amphibious, 8 rings, constrict 8, camouflage
1, gelatinous body 1
a: Renounce Religion


You were on level 3 of the Dungeon.
You worshipped Sif Muna.
Sif Muna was noncommittal.
You were not hungry.

You visited 1 branch of the dungeon, and saw 3 of its levels.

You collected 153 gold pieces.

Inventory:

Hand Weapons
 k - a +1 short sword of draining (weapon)
Missiles
 a - 15 sling bullets
 h - 166 stones (quivered)
 n - 29 poisoned darts
Jewellery
 f - a ring of wizardry (left tentacle)
 l - an uncursed ring of ice
 m - a cursed -3 ring of evasion (on tentacle)
Scrolls
 d - 2 scrolls of identify {unknown}
 o - 3 scrolls of random uselessness {unknown}
 p - a scroll of teleportation {unknown}
 r - a scroll of enchant armour {unknown}
Potions
 e - 2 potions of resistance {unknown}
 g - 3 potions of heal wounds {unknown}
 i - 2 potions of lignification {unknown}
 j - 2 potions of curing {unknown}
 q - a potion of might {unknown}
Comestibles
 b - 8 rations


   Skills:
 - Level 2.0 Dodging
 - Level 2.6 Stealth
 * Level 3.6 Spellcasting
 + Level 2.4 Conjurations
 + Level 3.8 Fire Magic


You had 3 spell levels left.
You knew the following spells:

 Your Spells              Type           Power        Failure   Level  Hunger
a - Foxfire               Conj/Fire      ##..         1%          1    None
b - Conjure Flame         Conj/Fire      ##......     5%          3    ###....
c - Sticky Flame          Conj/Fire      ##......     16%         4    ####...

Your spell library contained the following spells:

 Spells                   Type           Power        Failure   Level  Hunger
 Inner Flame              Hex/Fire       ##......     9%          3    ###....
 Fireball                 Conj/Fire      ##........   41%         5    ######.


Dungeon Overview and Level Annotations

Branches:
Dungeon (3/15)

Altars:
Cheibriados
Hepliaklqana
Okawaru
Sif Muna
Trog


Innate Abilities, Weirdness & Mutations

You cannot wear most types of armour.
You are very stealthy in the water. (Stealth+)
You are amphibious.
You can wear up to eight rings at the same time.
You can use your tentacles to constrict eight enemies at once.
Your skin changes colour to match your surroundings (Stealth+).
Your rubbery body absorbs attacks. (AC +1, EV +1)


Message History

The orc barely misses you.
You hit the orc priest but do no damage.
The orc priest is almost dead.
You constrict the orc priest, but do no damage.
The orc priest invokes the aid of Beogh against you.
Beogh smites you!
* * * LOW HITPOINT WARNING * * *
The orc barely misses you.
You hit the orc priest.
You kill the orc priest!
Sif Muna accepts your kill.
You have reached level 5!
You feel agile.
The orc hits you with a +2 flail of protection.
* * * LOW HITPOINT WARNING * * *
The orc throws a boomerang of dispersal.
The boomerang of dispersal barely misses you.
The orc throws a boomerang of dispersal.
The boomerang of dispersal hits you.
You die...

##. #.# #%##.#
#.### . #.# .##.#
... #.# .# .#.#.
. #.# .##... ##
#[# .. ._ #.# .#
###.######)###...
#...##....o......
#.....@....######
........######.#
##....... .#
########. .# ..
.# ## ##


You could see an orc.

Vanquished Creatures
  An orc priest (D:3)
  2 adders (D:2)
  3 oozes
  A worm (D:2)
  A dart slug (D:1)
  2 leopard geckos (D:3)
  2 orcs (D:3)
  2 ball pythons
  9 goblins
  8 hobgoblins
  9 kobolds
  A quokka (D:2)
  7 bats
  7 frilled lizards
  5 rats
60 creatures vanquished.

Vanquished Creatures (others)
  163 foxfires
163 creatures vanquished.

Grand Total: 223 creatures vanquished

Notes
Turn   | Place    | Note
-------+----------+-------------------------------------------
     0 | D:1      | DerDa the Octopode Fire Elementalist began the quest for
                  | the Orb.
     0 | D:1      | Reached XP level 1. HP: 11/11 MP: 3/3
    99 | D:1      | Reached XP level 2. HP: 17/17 MP: 1/5
   495 | D:1      | Reached XP level 3. HP: 20/21 MP: 2/7
  1183 | D:2      | Reached XP level 4. HP: 25/27 MP: 4/8
  1664 | D:2      | Found a hazy altar of Hepliaklqana.
  1664 | D:2      | Found an iron altar of Okawaru.
  1665 | D:2      | Found a bloodstained altar of Trog.
  2263 | D:3      | Found a snail-covered altar of Cheibriados.
  2446 | D:3      | Found a shimmering blue altar of Sif Muna.
  2455 | D:3      | Became a worshipper of Sif Muna the Loreminder
  2473 | D:3      | Learned a level 3 spell: Conjure Flame
  2478 | D:3      | Learned a level 4 spell: Sticky Flame
  2541 | D:3      | Reached XP level 5. HP: 2/31 MP: 0/10
  2544 | D:3      | Hit by a boomerang of dispersal thrown by an orc

Levels and vault maps discovered:
D:1:      psy_arrival_conway, layout_loops_corners
D:2:      layout_loops_corners, gammafunk_temple_overflow_claw
D:3:      layout_loops_ring, cheibriados_altar_1, old_standard_altar,
          first_ration, guppyfry_early_lair_pool

Skill      XL: |  1  2  3  4 |
---------------+-------------+-----
Spellcasting   | 3 |  3.6
Conjurations   | 2 |  2.4
Dodging        | |  2.0
Stealth        | |  2.6
Fire Magic     | |  3.8

Action                   |  1- 3 |  4- 6 || total
-------------------------+-------+-------++-------
Melee: Unarmed           |     4 |       ||     4
       Constrict         |     1 |     2 ||     3
       Tentacles         |     1 |       ||     1
       Short sword       |     3 |    10 ||    13
 Cast: Foxfire           |    48 |    53 ||   101
 Stab: Sleeping          |       |     1 ||     1
  Eat: Chunk             |     1 |     4 ||     5
Armor: Skin              |     4 |       ||     4
Dodge: Dodged            |    19 |     6 ||    25

Table legend:
 A = Non-vault XP
 B = Vault XP
 C = Vault XP percentage of total XP
 D = Non-vault monster count
 E = Vault monster count
 F = Vault count percentage of total count
                 A         B        C        D         E       F
            +---------+---------+-------+---------+---------+-------
      Total |     183 |       0 |   0.0 |      60 |       0 |   0.0
            +---------+---------+-------+---------+---------+-------
        D:1 |      47 |       0 |   0.0 |      23 |       0 |   0.0
        D:2 |      73 |       0 |   0.0 |      25 |       0 |   0.0
        D:3 |      63 |       0 |   0.0 |      12 |       0 |   0.0
            +---------+---------+-------+---------+---------+-------
